 Dungeon Crawl Stone Soup version 0.29-a0-885-gb26ba3297d (webtiles) character file.

Game seed: 16899216595798481480

533 Nato the Tainter (level 7, -4/41 HPs)
             Began as an Octopode Venom Mage on July 20, 2022.
             Was an Initiate of Vehumet.
             Killed themself with a badly aimed iceblast (13 damage)
             ... on level 5 of the Dungeon.
             The game lasted 00:15:53 (7721 turns).

Nato the Tainter (Octopode Venom Mage)              Turns: 7721, Time: 00:15:54

Health: -4/41      AC:  1    Str: 13    XL:     7   Next: 24%
Magic:  9/13       EV: 17    Int: 19    God:    Vehumet [......]
Gold:   193        SH:  0    Dex: 13    Spells: 8/15 levels left

rFire   . . .      SeeInvis .   t - +0 sling
rCold   . . .      Faith    .   (no shield)
rNeg    . . .      Spirit   .   (helmet restricted)
rPois   .          Reflect  .   (no amulet)
rElec   .          Harm     .   b - +6 ring of strength
rCorr   .          Rampage  .   m - +4 ring of evasion
Will    .....                   (no ring)
Stlth   +++.......              (no ring)
HPRegen 0.13/turn               (no ring)
MPRegen 0.13/turn               (no ring)
                                (no ring)
                                (no ring)

@: no status effects
A: almost no armour, amphibious, 8 rings, camouflage 1, gelatinous body 1,
(nimble swimmer 1), tentacles
a: Renounce Religion


You were on level 5 of the Dungeon.
You worshipped Vehumet.
Vehumet was noncommittal.
You visited 2 branches of the dungeon, and saw 6 of its levels.

You collected 193 gold pieces.

Inventory:

Hand Weapons
 i - a +0 dagger
 t - a +0 sling (weapon)
Missiles
 l - 30 stones
 n - 4 javelins
 x - 6 poisoned darts
Jewellery
 b - a +6 ring of strength (left tentacle)
 m - a +4 ring of evasion (right tentacle)
 A - a ring of willpower
Wands
 o - a wand of iceblast (8)
 w - a wand of digging (7)
Scrolls
 d - 3 scrolls of poison {unknown}
 e - 3 scrolls of vulnerability {unknown}
 f - a scroll of summoning {unknown}
 h - 3 scrolls of enchant armour {unknown}
 j - 2 scrolls of butterflies {unknown}
 k - 2 scrolls of identify {unknown}
 p - 3 scrolls of teleportation {unknown}
 q - a scroll of noise {unknown}
 s - 2 scrolls of enchant weapon {unknown}
 v - 4 scrolls of magic mapping {unknown}
 y - a scroll of fear {unknown}
 B - a scroll of blinking {unknown}
Potions
 a - a potion of magic
 c - 5 potions of attraction {unknown}
 g - a potion of heal wounds {unknown}
 r - 5 potions of curing {unknown}
 u - a potion of mutation {unknown}
 z - a potion of ambrosia {unknown}


   Skills:
 - Level 2.0 Dodging
 - Level 2.6 Stealth
 + Level 4.5 Spellcasting
 - Level 1.0 Transmutations
 - Level 8.0 Poison Magic


You had 8 spell levels left.
You knew the following spells:

 Your Spells              Type           Power      Damage    Failure   Level
a - Sting                 Tmut/Pois      84%        1d7       1%          1
b - Poisonous Vapours     Pois/Air       38%        N/A       3%          2
c - Olgreb's Toxic Radia  Pois           34%        N/A       4%          4

Your spell library contained the following spells:

 Spells                   Type           Power      Damage    Failure   Level
 Mephitic Cloud           Conj/Pois/Air  14%        N/A       13%         3
 Dazzling Flash           Conj/Hex       8%         N/A       36%         3
 Agony                    Necr           4%         N/A       98%         5
 Silence                  Hex/Air        2%         N/A       98%         5


Dungeon Overview and Level Annotations

Branches:
Dungeon (5/15)             Temple (1/1) D:4

Altars:
Ashenzari
Dithmenos
Fedhas
Hepliaklqana
Kikubaaqudgha
Makhleb
Nemelex Xobeh
Okawaru
Qazlal
Ru
Sif Muna
Trog
Vehumet
Wu Jian
Xom
Yredelemnul
Zin
The Shining One

Annotations:
D:3 Sigmund
D:4 exclusion: ogre


Innate Abilities, Weirdness & Mutations

You cannot wear most types of armour.
You are amphibious.
You can wear up to eight rings at the same time.
Your skin changes colour to match your surroundings (Stealth+).
Your rubbery body absorbs attacks. (AC +1, EV +1)
((You are camouflaged when in or above water. (Stealth+)))
You have tentacles for arms and can constrict up to eight enemies at once.


Message History

You miscast Olgreb's Toxic Radiance.
You are very lightly contaminated with residual magic.
Nothing appears to happen.
You shoot a sling bullet.
The sling bullet closely misses the orc wizard.
The orc wizard casts a spell.
The orc wizard flickers and vanishes!
Deactivating autopickup; reactivate with Ctrl-A.
Your magical contamination has completely faded away.
A puff of flame appears from out of thin air!
The puff of flame hits you.
No target in view!
You are confused.
You bump into the rock wall.
Something tries to affect you, but you resist.
You are too confused!
You feel less confused.
You miss something. Something hits you.
You hear some strange, mumbled words.
A puff of flame appears from out of thin air!
The puff of flame hits you.
Casting: Olgreb's Toxic Radiance (dangerous; 4% risk of failure)
Confirm with . or Enter, or press ? or * to list all spells.
You can't see any susceptible monsters within range! (Use Z to cast anyway.) Unknown command.
You closely miss something. Something hits you.
You barely miss something. Something hits you. x2
You clumsily bash something but do no damage.
You hear some strange, mumbled words.
A puff of flame appears from out of thin air!
The puff of flame hits you.
You miss something. Your squeeze misses something. Something hits you.
* * * LOW HITPOINT WARNING * * *
Something hits you.
* * * LOW HITPOINT WARNING * * *
Aiming: Iceblast
Press: ? - help, Shift-Dir - straight line The mass of ice explodes!
The iceblast engulfs something!
The iceblast engulfs you!
You die...

#..................
#..................
#..................
######..................
........................ ##
......####..†...........
...
#####...................
###
#..##########..#......#....
#..
#.....#.{@.......#########
##.#.######....####.#...##
...#.....#....## #.##...##
#..# #......## #.###...#
#..# ##...##..# #.# ##..#
#..####..####..# #.# #..##
#...)...## #### ### ##..#
........##♣P♣P♣P
P♣P♣P♣##..#
.######.........
..........#


There were no monsters in sight!

Vanquished Creatures
  An ogre (D:4)
  A phantom (D:4)
  A bullfrog (D:4)
  A crimson imp (D:4)
  A jelly (D:4)
  Ijyb (D:3)
  2 iguanas
  7 adders
  An ufetubus (D:4)
  3 worms (D:2)
  6 dart slugs
  7 orcs
  6 endoplasms
  5 giant cockroaches (D:1)
  6 goblins
  4 hobgoblins
  2 quokkas
  5 ball pythons
  7 bats
  3 frilled lizards
  7 kobolds
  6 rats
83 creatures vanquished.

Notes
Turn   | Place    | Note
-------+----------+-------------------------------------------
     0 | D:1      | Nato the Octopode Venom Mage began the quest for the Orb.
     0 | D:1      | Reached XP level 1. HP: 11/11 MP: 3/3
    85 | D:1      | Reached skill level 4 in Poison Magic
   143 | D:1      | Reached XP level 2. HP: 17/17 MP: 1/5
   883 | D:1      | Reached XP level 3. HP: 21/21 MP: 0/6
   946 | D:1      | Reached skill level 5 in Poison Magic
  1094 | D:1      | You fall into a shaft and drop 1 floor!
  2302 | D:2      | Found a shadowy altar of Dithmenos.
  2401 | D:2      | Identified the +1 robe of the Enchanted Forest {rN+}
  2555 | D:2      | Reached XP level 4. HP: 22/27 MP: 1/7
  2704 | D:2      | Reached skill level 6 in Poison Magic
  2897 | D:2      | Found a faded altar of an unknown god.
  3388 | D:3      | Noticed Sigmund
  3597 | D:3      | Reached XP level 5. HP: 7/31 MP: 3/8
  4010 | D:3      | Found an ornate altar of the Wu Jian Council.
  4041 | D:3      | Noticed Ijyb
  4055 | D:3      | Killed Ijyb
  4056 | D:3      | Reached skill level 7 in Poison Magic
  4470 | D:4      | Noticed an ogre
  4787 | D:4      | Learned a level 2 spell: Poisonous Vapours
  5158 | D:4      | Reached skill level 8 in Poison Magic
  5158 | D:4      | Reached XP level 6. HP: 34/36 MP: 3/9
  5844 | D:4      | Found a stormy altar of Qazlal.
  6229 | D:4      | Reached XP level 7. HP: 16/41 MP: 9/13
  6904 | D:4      | Found a radiant altar of Vehumet.
  6942 | D:4      | Learned a level 4 spell: Olgreb's Toxic Radiance
  7148 | D:4      | Found a burning altar of Makhleb.
  7267 | D:4      | Found a staircase to the Ecumenical Temple.
  7275 | Temple   | Entered the Ecumenical Temple
  7460 | D:4      | Became a worshipper of Vehumet
  7495 | D:5      | Entered Level 5 of the Dungeon
  7721 | D:5      | Killed themself with a badly aimed iceblast

Illustrated notes

Levels and vault maps discovered:
D:1:      giann_bridges, layout_basic
D:2:      layout_rooms, basic_altar, hellmonk_ecumenical_altar_leap_of_faith,
          minmay_tromino_i4
D:3:      layout_basic, lemuel_tele_altar, uniq_sigmund, uniq_ijyb
D:4:      layout_loops_corners, grunt_temple_overflow_lords_of_destruction,
          mainiacjoe_overflow_cross_hatched, minmay_temple_entry_fiery
D:5:      layout_rooms, dreamdust_princess_corridor, water_maze_lemuel
Temple:   jpeg_temple_clearing

Skill      XL: |  1  2  3  4  5  6 |
---------------+-------------------+-----
Poison Magic   | 4 5 6 8 |  8.0
Spellcasting   | 4 |  4.5
Dodging        | |  2.0
Stealth        | |  2.6
Transmutations | |  1.0

Action                   |  1- 3 |  4- 6 |  7- 9 || total
-------------------------+-------+-------+-------++-------
Melee: Unarmed           |     3 |       |       ||     3
       Constrict         |     2 |       |       ||     2
       Dagger            |     5 |       |       ||     5
       Tentacles         |     1 |       |       ||     1
       Sling             |       |       |     5 ||     5
 Fire: Sling             |       |   103 |    22 ||   125
Throw: Javelin           |    12 |       |       ||    12
       Stone             |     3 |       |       ||     3
 Cast: Sting             |    65 |    55 |     8 ||   128
       Poisonous Vapours |       |     8 |    14 ||    22
       Olgreb's Toxic Ra |       |       |     2 ||     2
Evoke: Wand              |       |     5 |       ||     5
  Use: Potion            |     1 |       |       ||     1
Armor: Skin              |     3 |     8 |       ||    11
Dodge: Dodged            |    23 |    51 |     6 ||    80

Table legend: (Time is in decaauts)
 A = Elapsed time spent in this place.
 B = Non-inter-level travel time spent in this place.
 C = Inter-level travel time spent in this place.
 D = Time resting spent in this place.
 E = Time spent auto-exploring this place.
 F = Levels seen in this place.
 G = Mean time per level.
                   A        B        C        D        E       F      G
               +--------+--------+--------+--------+--------+-----+--------+
         Total |   7777 |   7243 |    534 |   3184 |   3243 |   6 | 1296.2 |
       Dungeon |   7669 |   7148 |    521 |   3184 |   3161 |   5 | 1533.8 |
        Temple |    107 |     94 |     13 |      0 |     82 |   1 |  107.0 |
               +--------+--------+--------+--------+--------+-----+--------+

Top non-repeatable levels by time:
     D:4: 3032 daAuts
     D:1: 1910 daAuts
     D:3: 1289 daAuts
     D:2: 1207 daAuts
     D:5: 229 daAuts
  Temple: 107 daAuts
